 Dungeon Crawl Stone Soup version 0.32-a0-913-g739538afd8 (webtiles) character file.

Game seed: 13805162474052404772

364 BenSoosneb the Vexing (level 6, -1/28 HPs)
             Began as a Spriggan Enchanter on Apr 8, 2024.
             Killed by nerve-wracking pain
             ... invoked by Grinder
              (9 damage)
             ... on level 4 of the Dungeon on Apr 10, 2024.
             The game lasted 00:31:47 (5508 turns).

BenSoosneb the Vexing (Spriggan Enchanter)          Turns: 5508, Time: 00:31:47

Health: -1/28      AC:  2    Str:  4    XL:     6   Next: 39%
Magic:  11/11      EV: 16    Int: 19    God:
Gold:   283        SH:  0    Dex: 15    Spells: 2/10 levels left

rFire   . . .        t - +0 dagger (venom)
rCold   . . .        (no shield)
rNeg    . . .        b - +0 robe
rPois   .            o - +0 hat
rElec   .            (no cloak)
rCorr   .            (gloves unavailable)
SInv    +            (boots unavailable)
Will    +....        f - amulet of magic regeneration
Stlth   +++          e - +4 ring of slaying
HPRegen 0.24/turn    (no ring)
MPRegen 0.52/turn

%: no passive effects
@: confusing by touch, very quick
A: very small, no large weapons, unfitting armour, see invisible, speed 3
a: no special abilities


You were on level 4 of the Dungeon.
You visited 1 branch of the dungeon, and saw 4 of its levels.

You collected 283 gold pieces.

Inventory:

Hand Weapons
 a - a +1 dagger
 t - a +0 dagger of venom (weapon)
 v - a +0 sling
Armour
 b - a +0 robe (worn)
 o - a +0 hat (worn)
Jewellery
 e - a +4 ring of slaying (left hand)
 f - an amulet of magic regeneration (around neck)
Wands
 k - a wand of digging (5)
 p - a wand of flame (30)
Scrolls
 g - 2 scrolls of blinking
 h - 2 scrolls of torment {unknown}
 i - a scroll of enchant armour {unknown}
 j - a scroll of noise {unknown}
 q - 2 scrolls of identify {unknown}
 r - a scroll of enchant weapon {unknown}
 s - 2 scrolls of poison {unknown}
Potions
 c - 2 potions of invisibility
 d - a potion of curing {unknown}
 l - a potion of cancellation {unknown}
 m - 2 potions of heal wounds {unknown}
 n - 2 potions of brilliance {unknown}
 u - a potion of enlightenment {unknown}


   Skills:
 * Level 3.8 Short Blades
 - Level 2.6 Dodging
 + Level 5.8 Stealth
 - Level 2.6 Spellcasting
 - Level 7.1 Hexes


You had 2 spell levels left.
You knew the following spells:

 Your Spells              Type           Power      Damage    Failure   Level
a - Ensorcelled Hibernat  Hex/Ice        32%        N/A       5%          2
b - Confusing Touch       Hex            29%        N/A       2%          3
c - Tukima's Dance        Hex            29%        N/A       2%          3

Your spell library contained the following spells:

 Spells                   Type           Power      Damage    Failure   Level
 Dazzling Flash           Conj/Hex       32%        N/A       11%         3
 Animate Armour           Summ/Erth      4%         N/A       83%         4
 Summon Lightning Spire   Summ/Air       2%         N/A       83%         4
 Lee's Rapid Deconstruct  Erth           1%         3d4*      99%         5


Dungeon Overview and Level Annotations

Branches:
Dungeon (4/15)
 Temple: D:4-7

Altars:
Fedhas
Beogh

Annotations:
D:4 Eustachio, Grinder


Innate Abilities, Weirdness & Mutations

You are very small and have problems with some larger weapons.
You are too small for most types of armour.
You have supernaturally acute eyesight. (SInv)
You cover ground extremely quickly. (Speed+++)


Message History

v - a +0 sling
Aiming: Throw Flame
Press: ? - help, Shift-Dir - straight line, f - Grinder
Aim: Grinder (64% to hit)
The puff of flame hits Grinder.
Grinder is lightly wounded.
Hit: t) +0 dagger (venom)
Press: ? - help, Dir - move target, p - Grinder
Okay, then.
Casting: Ensorcelled Hibernation (safe; 5% risk of failure)
Confirm with . or Enter, or press ? or * to list all spells.
You can't see any susceptible monsters within range! (Use Z to cast anyway.) Unknown command.
Casting: Ensorcelled Hibernation (safe; 5% risk of failure)
Confirm with . or Enter, or press ? or * to list all spells.
Your hands begin to glow red.
You hit Grinder but do no damage.
Grinder is lightly wounded.
You hit Grinder but do no damage.
Grinder is lightly wounded.
Grinder blinks!
Grinder gestures at you. You resist with significant effort.
Grinder gestures at you.
You easily resist.
Grinder gestures at you.
You suddenly lose the ability to move!
Grinder hits you.
You writhe in agony.
Grinder hits you.
You writhe in agony.
Grinder hits you.
* * * LOW HITPOINT WARNING * * *
You can move again.
You closely miss Grinder.
Grinder is lightly wounded.
You hit Grinder but do no damage.
Grinder is lightly wounded.
Grinder gestures at you. Pain shoots through your body!
You die...
Grinder says, "Now the real fun starts!"

##### #...# #...#
## ###...### #.
#.......##########.
+......>...........
#.......####...###.
#5@.....# ###.# #.
######### #.###.
#.# #..... #.#
#..... #.# #...†.
#.# #..... #.#
####.# #.# #..
##.########## ##.


You could see Grinder.

Vanquished Creatures
  Blork the orc (D:4)
  An orc priest (D:3)
  2 hounds
  Ijyb (D:3)
  An iguana (D:4)
  3 gnolls (D:2)
  4 adders (D:2)
  2 dart slugs
  2 ribbon worms
  7 orcs
  5 endoplasms
  3 giant cockroaches
  7 goblins
  6 hobgoblins
  8 jackals
  2 quokkas
  4 ball pythons
  10 bats
  6 frilled lizards
  4 kobolds
  5 rats
84 creatures vanquished.

Notes
Turn   | Place    | Note
-------+----------+-------------------------------------------
     0 | D:1      | BenSoosneb the Spriggan Enchanter began the quest for the
                  | Orb.
     0 | D:1      | Reached XP level 1. HP: 9/9 MP: 5/5
   169 | D:1      | Reached skill level 4 in Hexes
   316 | D:1      | Reached XP level 2. HP: 3/13 MP: 6/6
   523 | D:1      | Learned a level 2 spell: Ensorcelled Hibernation
  1077 | D:1      | Reached skill level 5 in Hexes
  1339 | D:1      | Reached XP level 3. HP: 16/16 MP: 8/8
  1343 | D:1      | Learned a level 3 spell: Confusing Touch
  2710 | D:2      | Reached skill level 6 in Hexes
  2710 | D:2      | Reached XP level 4. HP: 21/21 MP: 6/9
  3280 | D:3      | Noticed Ijyb
  3292 | D:3      | Killed Ijyb
  3293 | D:3      | Reached skill level 7 in Hexes
  3293 | D:3      | Reached XP level 5. HP: 11/24 MP: 7/10
  3373 | D:3      | Learned a level 3 spell: Tukima's Dance
  3728 | D:3      | Found the +9 scales of the Dragon King {rPois rF+ rC+
                  | Will+}
  4025 | D:3      | Found a roughly hewn altar of Beogh.
  4086 | D:3      | Reached skill level 5 in Stealth
  4726 | D:4      | Found a blossoming altar of Fedhas.
  4729 | D:4      | Noticed Blork the orc
  4827 | D:4      | Killed Blork the orc
  4828 | D:4      | Reached XP level 6. HP: 28/28 MP: 9/11
  4932 | D:4      | Noticed Eustachio
  5491 | D:4      | Noticed Grinder
  5503 | D:4      | Paralysed by Grinder for 3 turns
  5508 | D:4      | Killed from afar by Grinder

Illustrated notes

Levels and vault maps discovered:
D:1:      dpeg_arrival_shrine, layout_basic, serial_bayou, serial_bayou_shore_b,
          serial_bayou_pond_c, serial_bayou_lagoon_a, serial_bayou_shore_a,
          nrook_mini_vaults
D:2:      layout_loops_cross
D:3:      layout_loops_corners, kennysheep_orc_chapel, uniq_ijyb
D:4:      layout_basic, mainiacjoe_overflow_tiny_flanked, uniq_grinder,
          uniq_blork_the_orc, uniq_eustachio

Skill      XL: |  1  2  3  4  5 |
---------------+----------------+-----
Hexes          | 4 5 6 7 |  7.1
Short Blades   | 3 |  3.8
Stealth        | 5 |  5.8
Dodging        | |  2.6
Spellcasting   | |  2.6

Action                     |  1- 3 |  4- 6 || total
---------------------------+-------+-------++-------
  Melee: Dagger            |   139 |    83 ||   222
   Cast: Ensorcelled Hiber |    28 |    44 ||    72
         Confusing Touch   |       |     6 ||     6
  Evoke: Wand              |       |     1 ||     1
    Use: Potion            |     1 |       ||     1
         Scroll            |     2 |     2 ||     4
   Stab: Invisible         |     2 |       ||     2
         Sleeping          |    29 |    28 ||    57
         Confused          |       |     2 ||     2
 Armour: Robe              |    53 |    36 ||    89
  Dodge: Dodged            |   108 |    53 ||   161

Table legend: (Time is in decaauts)
 A = Elapsed time spent in this place.
 B = Non-inter-level travel time spent in this place.
 C = Inter-level travel time spent in this place.
 D = Time resting spent in this place.
 E = Time spent auto-exploring this place.
 F = Levels seen in this place.
 G = Mean time per level.
                   A        B        C        D        E       F      G
               +--------+--------+--------+--------+--------+-----+--------+
         Total |   4235 |   4179 |     56 |   1445 |   1853 |   4 | 1058.8 |
       Dungeon |   4235 |   4179 |     56 |   1445 |   1853 |   4 | 1058.8 |
               +--------+--------+--------+--------+--------+-----+--------+

Top non-repeatable levels by time:
     D:1: 1664 daAuts
     D:3: 1179 daAuts
     D:2: 759 daAuts
     D:4: 632 daAuts
